cohdb
Replays
Latest Replays
All Replays
Popular Replays
Top Player Replays
Match Explorer
How It Works
Community
CoH3 Stats
Reddit
Sign in to upload your games and track your stats! →
Sign in with Steam
Match 42734738
Unlisted
Match 42734738
Overview
Messages
Build Orders
End
Construct Section Command Post
Infantry Section
Selects Indian Artillery Battlegroup
Infantry Section
Infantry Section
Construct Field Infirmary
Construct Platoon Command Post
6-pounder Anti-tank Gun Team
Selects Valour
Vickers Machine Gun Team
Construct Company Command Post
Unlock M3 Grant Medium Tanks
Selects Artillery Saturation
Selects Gurkha Rifles Section
Foot Guards Section
M3 Grant Medium Tank
Selects Off-map Airburst Barrage
Off-map Airburst Barrage
M3 Grant Medium Tank
M3 Grant Medium Tank
Off-map Airburst Barrage
Selects Perimeter Monitor
M3 Grant Medium Tank
Armored Vehicle Training
Açucar Macabro
Darbesky
Nunk
Shaddeh
0
0
Comments
sign in to comment!
No comments posted yet!